Description

skip 1 scv to get the rax earlier. proxy scv moveout 57 sec. skip one scv to get the starport earlier.

Replay - 2000 Atmosphären LE (69)

Build Order

Get SALT Encoding   

  12  0:00  SCV  
  13  0:12  SCV  
  14  0:17  Supply Depot  
  14  0:24  SCV  
  15  0:31  Refinery  skip 1 scv to get the rax earlier.
  15  0:41  Barracks  
  15  0:44  SCV  proxy scv moveout 57 sec.
  16  0:58  SCV  
  17  1:10  SCV  
  18  1:29  Orbital Command, Marine  
  19  1:33  Factory  
  19  1:38  Refinery  
  19  1:39  Supply Depot  
  19  1:47  Marine  
  19  1:50  Supply Depot  
  20  1:55  SCV  
  21  2:05  Marine  
  21  2:07  SCV  skip one scv to get the starport earlier.
  23  2:18  Starport  
  23  2:21  Widow Mine  
  25  2:31  Armory  
  25  2:33  SCV  
  25  2:36  Marine  
  27  2:42  Widow Mine  
  29  2:47  SCV  
  29  2:49  Bunker  
  30  2:56  Medivac  
  32  2:59  Marine  
  32  3:03  SCV  
  34  3:09  Widow Mine  
  36  3:16  Supply Depot  
  36  3:17  SCV  
  37  3:30  Factory Tech Lab  
  37  3:33  Marine  
  38  3:34  SCV  
  39  3:49  Thor  
  39  3:51  Marine  
  39  3:54  SCV  
  39  3:55  Supply Depot  
  47  4:01  Supply Depot  
  47  4:16  Viking, SCV, Marine  
  51  4:33  SCV  
  51  4:34  Supply Depot  
  51  4:35  Marine  
  59  4:45  SCV  
  60  4:55  Marine  
  60  4:57  SCV  
  62  5:12  Command Center  
Spawning Tool Build Advisor. Get it on Overwolf

Go to:

Details

  • Created by: lucahecker
  • Published on: Mar 15, 2022
  • Modified on: Mar 15, 2022
  • Patch: 4.11.0
  • Difficulty: Medium
Show
View Real Time Build Order
Export as new Build Order

Comments (0)

There are no comments. Be the first!

Create an account to comment!